 Dungeon Crawl Stone Soup version 0.26-a0-597-gb535b0901c (webtiles) character file.

Game seed: 7308241738076427158

(classic levelgen) 9186 EnegeticOcto the Cleaver (level 11, -2/100 HPs)
             Began as a Deep Dwarf Fighter on Sept 2, 2020.
             Was an Elder of Makhleb.
             Slain by Snorg (10 damage)
             ... on level 11 of the Dungeon.
             The game lasted 00:04:40 (6241 turns).

EnegeticOcto the Cleaver (Deep Dwarf Fighter)       Turns: 6241, Time: 00:04:41

Health: -2/100     AC: 17    Str: 31    XL:     11   Next: 19%
Magic:  11/11      EV:  6    Int: 12    God:    Makhleb [****..]
Gold:   769        SH: 12    Dex: 12    Spells: 10/10 levels left

rFire    . . .     SeeInvis +   j - +1 war axe (flame)
rCold    . . .     Faith    .   c - +0 kite shield
rNeg     . . .     Spirit   .   s - +0 plate armour "Kusoi" {Int+4} (curse)
rPois    .         Reflect  .   (no helmet)
rElec    .         Harm     .   v - scarf {shadows}
rCorr    +                      (no gloves)
MR       .....                  p - +2 pair of boots
Stlth    ..........             (no amulet)
HPRegen  0.00/turn              g - ring of resist corrosion
MPRegen  0.12/turn              B - ring "Agietyics" {MR- Str+7 SInv}

@: non-regenerating, studying Fighting
A: damage resistance, heal wounds, sense surroundings 2, no regeneration
a: Heal Wounds, Minor Destruction, Lesser Servant of Makhleb, Major Destruction,
Renounce Religion


You were on level 11 of the Dungeon.
You worshipped Makhleb.
Makhleb was greatly pleased with you.
You visited 2 branches of the dungeon, and saw 12 of its levels.
You also visited: Ossuary.

You collected 865 gold pieces.
You spent 96 gold pieces at shops.

Inventory:

Hand Weapons
 j - a +1 war axe of flaming (weapon)
Armour
 c - a +0 kite shield (worn)
 f - a +0 plate armour
 p - a +2 pair of boots (worn)
 s - the cursed +0 plate armour "Kusoi" (worn) {Int+4}
   (You found it on level 10 of the Dungeon)

   It affects your intelligence (+4).
   It has a curse placed upon it.
 v - a scarf of shadows (worn)
Jewellery
 g - a ring of resist corrosion (left hand)
 o - an uncursed ring of protection from cold
 B - the ring "Agietyics" (right hand) {MR- Str+7 SInv}
   (You found it on level 10 of the Dungeon)

   [ring of see invisible]

   It affects your strength (+7).
   It affects your resistance to hostile enchantments.
   It lets you see invisible.
Wands
 m - a wand of paralysis (5)
 u - a wand of iceblast (6) {@v2}
 w - a wand of disintegration (11)
 x - a wand of acid (9) {@v1}
Scrolls
 b - 5 scrolls of remove curse {@r2}
 e - 5 scrolls of teleportation {@r3}
 q - a scroll of identify {@r1}
 C - a scroll of vulnerability
Potions
 a - a potion of flight {unknown}
 d - 4 potions of might {@q3}
 h - a potion of lignification {@q7}
 i - a potion of ambrosia
 k - 3 potions of heal wounds {@q2}
 l - 2 potions of cancellation
 n - 3 potions of stabbing {@q5}
 r - 2 potions of curing {@q1}
 t - 2 potions of invisibility
 z - a potion of mutation {unknown}
 A - a potion of brilliance {unknown}
Books
 y - a manual of Fighting


   Skills:
 + Level 7.4 Fighting
 * Level 11.3 Axes
 + Level 8.5 Armour
 + Level 8.5 Shields
 + Level 9.0 Invocations


You had 10 spell levels left.
You didn't know any spells.
Your spell library was empty.

Dungeon Overview and Level Annotations

Branches:
Dungeon (11/15)            Temple (1/1) D:4            Lair (0/6) D:10
Ossuary (visited)
    Orc: D:9-12

Altars:
Ashenzari
Cheibriados
Dithmenos
Elyvilon
Fedhas
Gozag
Hepliaklqana
Kikubaaqudgha
Makhleb
Nemelex Xobeh
Okawaru
Qazlal
Sif Muna
Trog
Uskayaw
Vehumet
Wu Jian
Xom
Zin
The Shining One
Beogh

Shops:
D:5 *

Annotations:
D:9 2 runed translucent doors, Graouh's ghost, journeyman MiFi
D:11 Psyche; Snorg


Innate Abilities, Weirdness & Mutations

You are resistant to damage.
You can heal yourself by infusing magical energy.
You passively map the area around you.
You do not regenerate.


Message History

You are too confused!
You are too confused!
You are too confused!
You are too confused!
You are too confused!
You are too confused!
You are too confused!
You are too confused!
You are too confused!
You are too confused!
You are too confused!
You are too confused!
You are too confused!
You are too confused!
You are too confused!
You are too confused!
You are too confused!
You are too confused!
You are too confused!
You bump into the rock wall.
The vampire hits you.
The vampire bites you but does no damage.
You bump into the rock wall.
The vampire is infused with unholy energy.
The vampire draws life force from you and is healed!
The vampire hits you but does no damage.
The vampire barely misses you. The vampire hits you.
The vampire bites you but does no damage.
You feel less confused. The vampire hits you! The vampire barely misses you.
Found a leather armour.
Found a scroll of identify.
Snorg the Insatiable comes into view.
Snorg shouts!
The vampire gestures at you while chanting.
You resist with some effort.
Snorg goes berserk!
Snorg rages.
You hear a shout!
You slash Snorg! You burn Snorg.
Snorg is lightly wounded.
Snorg bites you! You block Snorg's attack. Snorg claws you but does no damage.
Psyche the Insane Magess comes into view.
She is wielding a +3 dagger of chaos and carrying a wand of paralysis (10).
Snorg bites you. Snorg claws you but does no damage. You block Snorg's attack.
You are too injured to fight recklessly!
You are too injured to fight recklessly!
You are too injured to fight recklessly!
You are too injured to fight recklessly!
You are too injured to fight recklessly!
You are too injured to fight recklessly!
You are too injured to fight recklessly!
You are too injured to fight recklessly!
You are too injured to fight recklessly!
You are too injured to fight recklessly!
You are too injured to fight recklessly!
You are too injured to fight recklessly!
You are too injured to fight recklessly!
You are too injured to fight recklessly!
You are too injured to fight recklessly!
You are too injured to fight recklessly!
You are too injured to fight recklessly!
You feel much better.
Psyche casts a cantrip, but nothing happens.
Snorg bites you! Snorg claws you but does no damage. You block Snorg's attack.
The vampire closely misses you. You block the vampire's attack.
Snorg barely misses you. Snorg claws you but does no damage. x2
Okay, then.
A demon appears!
The vampire hits you but does no damage.
The vampire bites you but does no damage.
Snorg bites you but does no damage. Snorg claws you! You block Snorg's attack.
A demon appears!
Snorg bites you! Snorg claws you!
* * * LOW HITPOINT WARNING * * *
You block Snorg's attack. You block the vampire's attack.
The vampire bites you.
* * * LOW HITPOINT WARNING * * *
The vampire draws strength from your injuries!
You block Snorg's attack. Snorg barely misses you. You block Snorg's attack.
You feel much better.
Psyche zaps a wand.
You easily resist.
You block the vampire's attack. The vampire barely misses you. Snorg bites you!
Snorg claws you!
* * * LOW HITPOINT WARNING * * *
Snorg claws you.
You fail to use your ability.
Snorg closely misses you. Snorg claws you. You block Snorg's attack.
Your neqoxec barely misses Snorg.
The vampire casts a spell at you. You resist with some effort.
Psyche zaps a wand.
Your smoke demon resists with almost no effort.
Your smoke demon barely misses Psyche.
Your smoke demon hits Psyche.
Your smoke demon closely misses Psyche.
Snorg bites you but does no damage. Snorg claws you but does no damage.
Snorg claws you!
* * * LOW HITPOINT WARNING * * *
You fail to use your ability.
Your neqoxec barely misses Snorg.
Psyche hits your smoke demon with a +3 dagger of chaos.
The vampire hits you but does no damage.
The vampire bites you but does no damage.
Snorg bites you!
* * * LOW HITPOINT WARNING * * *
You block Snorg's attack. Snorg claws you!
You die...

..# #.............#
,* ..#
#.............# , ..#
#......^......# * ..#
#.............# ..#
#."........?..# ,
#.............# *
#.............# ,
#[........V3..# ,
..........T@..# * ,
...........3..# *,*
................@..#
*
.......(...........#*
,*
....................
, ........
............ ........
............,
........ , , ,, , , *
........, , *


You could see Snorg (berserk), Psyche, a vampire (invisible), a friendly smoke
demon (summoned) and a friendly neqoxec (summoned).

Vanquished Creatures
  3 two-headed ogres
  An unseen horror (D:11)
  An ugly thing (D:11)
  A cyclops (D:11)
  A centaur skeleton (D:10)
  3 trolls
  A hornet (D:8)
  A hippogriff (D:10)
  A vampire (D:11)
  A wraith (D:10)
  5 orc warriors
  3 ice beasts
  2 phantoms
  A sky beast (D:5)
  7 ogres
  A black bear (D:7)
  A necrophage (D:9)
  An eye of draining (D:11)
  4 centaurs
  A big kobold (D:9)
  5 bullfrogs (D:6)
  A scorpion (D:8)
  2 water moccasin skeletons
  3 killer bees (D:10)
  4 wights (D:9)
  2 howler monkeys
  2 bullfrog zombies
  A centaur zombie (Ossuary)
  4 hounds
  A quasit (D:9)
  A jelly (D:11)
  7 orc priests
  5 orc wizards
  2 bullfrog skeletons
  A gnoll shaman (D:8)
  3 iguanas
  Terence (D:2)
  4 worker ants
  2 killer bee zombies (D:5)
  4 big kobold zombies (Ossuary)
  A hound zombie (D:8)
  2 mummies (Ossuary)
  2 worker ant zombies
  A howler monkey skeleton (D:7)
  7 adders
  4 gnolls (D:8)
  2 shadow imps (D:5)
  A white imp (D:7)
  3 ufetubi
  An adder skeleton (D:9)
  11 dart slugs (D:5)
  4 leopard geckos
  38 orcs
  A ball python (D:2)
  4 bats
  A giant cockroach (D:2)
  3 gnoll zombies (Ossuary)
  A hobgoblin (D:3)
  7 jackals
  7 kobolds
  2 quokkas
  4 frilled lizards
  2 goblins
  A goblin zombie (Ossuary)
  2 hobgoblin zombies (Ossuary)
  A leopard gecko skeleton (D:8)
  3 orc zombies (Ossuary)
  2 rats
213 creatures vanquished.

Notes
Turn   | Place    | Note
-------+----------+-------------------------------------------
     0 | D:1      | EnegeticOcto the Deep Dwarf Fighter began the quest for the
                  | Orb.
     0 | D:1      | Reached XP level 1. HP: 20/20 MP: 1/1
    71 | D:2      | Noticed Terence
    77 | D:2      | Killed Terence
    77 | D:2      | Reached skill level 3 in Axes
    77 | D:2      | Reached XP level 2. HP: 17/27 MP: 2/2
    77 | D:2      | Reached XP level 3. HP: 21/33 MP: 3/3
   230 | D:4      | Noticed an ogre
   239 | D:4      | Killed an ogre
   239 | D:4      | Reached skill level 4 in Axes
   239 | D:4      | Reached XP level 4. HP: 18/42 MP: 4/4
   239 | D:4      | Reached XP level 5. HP: 21/49 MP: 5/5
   312 | D:4      | Found a staircase to the Ecumenical Temple.
   385 | Temple   | Entered the Ecumenical Temple
   425 | Temple   | Became a worshipper of Makhleb the Destroyer
   620 | D:4      | Noticed an ogre
   626 | D:4      | Killed an ogre
   626 | D:4      | Reached skill level 1 in Invocations
   873 | D:4      | Reached XP level 6. HP: 45/56 MP: 7/7
  1220 | D:4      | Found a radiant altar of Vehumet.
  1224 | D:4      | Found a blossoming altar of Fedhas.
  1316 | D:5      | Entered Level 5 of the Dungeon
  1415 | D:5      | Reached skill level 5 in Axes
  1445 | D:5      | Found a hazy altar of Hepliaklqana.
  1447 | D:5      | Found a shattered altar of Ashenzari.
  1457 | D:5      | Noticed a sky beast
  1467 | D:5      | Killed a sky beast
  1474 | D:5      | Reached XP level 7. HP: 34/63 MP: 8/8
  1789 | D:5      | Found Hemulet's Assorted Antiques.
  1792 | D:5      | Bought a scroll labeled ZUANNE LYEXT for 32 gold pieces
  1792 | D:5      | Bought a scroll labeled TILIAT MULA for 32 gold pieces
  1792 | D:5      | Bought a scroll labeled TILIAT MULA for 32 gold pieces
  1821 | D:5      | Found a shadowy altar of Dithmenos.
  1950 | D:6      | Reached skill level 5 in Shields
  1954 | D:6      | Found a sand-covered staircase.
  1969 | D:6      | Reached * piety under Makhleb
  1969 | D:6      | Reached skill level 5 in Armour
  1970 | D:6      | Reached skill level 6 in Axes
  2010 | Ossuary  | Entered an ossuary
  2026 | Ossuary  | Reached XP level 8. HP: 36/73 MP: 8/8
  2209 | D:6      | Found an iron altar of Okawaru.
  2244 | D:6      | Reached ** piety under Makhleb
  2281 | D:6      | Reached skill level 7 in Axes
  2607 | D:7      | Reached skill level 5 in Fighting
  2607 | D:7      | Reached skill level 5 in Invocations
  2905 | D:7      | Gained mutation: You passively map the area around you.
                  | [Deep Dwarf growth]
  2905 | D:7      | Reached XP level 9. HP: 61/81 MP: 9/11
  2908 | D:7      | Reached skill level 8 in Axes
  3601 | D:8      | Reached *** piety under Makhleb
  3601 | D:8      | Paralysed by a hornet for 1 turns
  3622 | D:8      | Found a sparkling altar of Nemelex Xobeh.
  4151 | D:9      | Noticed a troll
  4160 | D:9      | Killed a troll
  4160 | D:9      | Reached skill level 9 in Axes
  4253 | D:9      | Found a large runed translucent door.
  4253 | D:9      | Found a large runed translucent door.
  4274 | D:9      | Noticed Graouh's ghost (journeyman MiFi)
  4352 | D:9      | Noticed a two-headed ogre
  4370 | D:9      | Killed a two-headed ogre
  4370 | D:9      | Reached XP level 10. HP: 54/91 MP: 12/12
  4545 | D:9      | Noticed a two-headed ogre
  4563 | D:9      | Killed a two-headed ogre
  4563 | D:9      | Reached skill level 10 in Axes
  4878 | D:9      | Found an opulent altar of Gozag.
  4970 | D:10     | Entered Level 10 of the Dungeon
  4983 | D:10     | Noticed a two-headed ogre
  5001 | D:10     | Killed a two-headed ogre
  5001 | D:10     | Reached **** piety under Makhleb
  5259 | D:10     | Got a pitted plate armour
  5270 | D:10     | Identified the cursed +0 plate armour "Kusoi" {Int+4} (You
                  | found it on level 10 of the Dungeon)
  5501 | D:10     | Got a brightly glowing turquoise ring
  5502 | D:10     | Found a staircase to the Lair.
  5604 | D:10     | Identified the ring "Agietyics" {MR- Str+7 SInv} (You found
                  | it on level 10 of the Dungeon)
  5639 | D:10     | Found a roughly hewn altar of Beogh.
  5883 | D:10     | Identified a scroll of acquirement
  5883 | D:10     | Acquired a manual of Fighting
  5993 | D:11     | Noticed a white ugly thing
  6010 | D:11     | Killed a white ugly thing
  6010 | D:11     | Reached skill level 11 in Axes
  6010 | D:11     | Reached XP level 11. HP: 80/100 MP: 12/12
  6153 | D:11     | Noticed an unseen horror
  6177 | D:11     | Killed an unseen horror
  6231 | D:11     | Noticed Snorg
  6235 | D:11     | Noticed Psyche
  6241 | D:11     | Slain by Snorg

Illustrated notes

Levels and vault maps discovered:
D:1:      heliophobic_arrival_enchanted_forest, layout_basic
D:2:      layout_loops_ring, uniq_terence
D:3:      layout_basic, nicolae_ru_awakened_eye, chequers_garden
D:4:      layout_loops_corners, minitemple, minmay_temple_entry_waves,
          kennysheep_generic_room_9
D:5:      kennysheep_slugbush, layout_basic, grunt_dithmenos_shadows,
          chequers_temple_overflow_statue_of_worship, serial_shops,
          kennysheep_mini, nrook_mini_backslash
D:6:      layout_basic, serial_glass, glass_columns_a, glass_columns_a,
          enter_ossuary_1, okawaru_gym_becter
D:7:      layout_basic
D:8:      layout_cave_pods, overflow_temple_1_default
D:9:      layout_irregular_city, ebering_ghost_disaster_area,
          hangedman_decor_clover_reticule, david_defended_altar_elf
D:10:     layout_basic, lair_entry_dummy, special_room [special_room_orc],
          dk_noncrumbling_3
D:11:     layout_long_grid, uniq_snorg, uniq_psyche
Temple:   regret_index_temple_waves

Skill      XL: |  1  2  3  4  5  6  7  8  9 10 11 |
---------------+----------------------------------+-----
Axes           | 3 4 5 6 7 9 11 | 11.3
Fighting       | 3 4 5 6 7 |  7.4
Armour         | 4 5 6 7 8 |  8.5
Shields        | 4 5 6 7 8 |  8.5
Invocations    | 1 2 3 5 7 8 9 |  9.0

Action                   |  1- 3 |  4- 6 |  7- 9 | 10-12 || total
-------------------------+-------+-------+-------+-------++-------
Melee: War axe           |    59 |   129 |   332 |   260 ||   780
Invok: Lesser Servant of |       |       |       |     2 ||     2
 Abil: Heal Wounds       |     1 |     2 |    12 |    20 ||    35
  Use: Scroll            |       |       |    10 |    12 ||    22
Armor: Scale mail        |    22 |       |       |       ||    22
       Plate armour      |    15 |   106 |   295 |   113 ||   529
Dodge: Dodged            |    13 |    22 |    99 |    70 ||   204
Block: Kite shield       |    35 |    73 |   258 |   176 ||   542

Table legend: (Time is in decaauts)
 A = Elapsed time spent in this place.
 B = Non-inter-level travel time spent in this place.
 C = Inter-level travel time spent in this place.
 D = Time resting spent in this place.
 E = Time spent auto-exploring this place.
 F = Levels seen in this place.
 G = Mean time per level.
                   A        B        C        D        E       F      G
               +--------+--------+--------+--------+--------+-----+--------+
         Total |   6408 |   6070 |    338 |      0 |   4541 |  13 |  492.9 |
       Dungeon |   6195 |   5883 |    312 |      0 |   4423 |  11 |  563.2 |
        Temple |     69 |     43 |     26 |      0 |     39 |   1 |   69.0 |
       Ossuary |    144 |    144 |      0 |      0 |     79 |   1 |  144.0 |
               +--------+--------+--------+--------+--------+-----+--------+

Top non-repeatable levels by time:
     D:4: 1047 daAuts
    D:10: 958 daAuts
     D:9: 884 daAuts
     D:7: 771 daAuts
     D:8: 746 daAuts
     D:5: 661 daAuts
     D:6: 548 daAuts
    D:11: 324 daAuts
 Ossuary: 144 daAuts
     D:2: 142 daAuts
     D:3: 83 daAuts
  Temple: 69 daAuts
     D:1: 25 daAuts
